 Dungeon Crawl Stone Soup version 0.29-a0-542-g075992c915 (webtiles) character file.

Game seed: 7119113432688831475

277 Nedwor the Chopper (level 6, -21/55 HPs)
             Began as a Minotaur Berserker on June 3, 2022.
             Was a Believer of Trog.
             Demolished by an ogre
             ... wielding a +0 giant club
              (33 damage)
             ... on level 4 of the Dungeon.
             The game lasted 00:03:39 (2561 turns).

Nedwor the Chopper (Minotaur Berserker)             Turns: 2561, Time: 00:03:40

Health: -21/55     AC:  3    Str: 23    XL:     6   Next: 4%
Magic:  5/5        EV: 12    Int:  4    God:    Trog [**....]
Gold:   143        SH:  0    Dex: 10    Spells: 5/5 levels left

rFire   . . .      SeeInvis .   a - +0 hand axe
rCold   . . .      Faith    .   (no shield)
rNeg    . . .      Spirit   .   b - +0 animal skin
rPois   .          Reflect  .   (helmet restricted)
rElec   .          Harm     .   (no cloak)
rCorr   .          Rampage  .   f - +0 pair of gloves
Will    .....                   (no boots)
Stlth   +.........              (no amulet)
HPRegen 0.18/turn               (no ring)
MPRegen 0.09/turn               (no ring)

@: no status effects
A: horns 2, retaliatory headbutt
a: Renounce Religion, Berserk, Trog's Hand


You were on level 4 of the Dungeon.
You worshipped Trog.
Trog was pleased with you.
You visited 1 branch of the dungeon, and saw 4 of its levels.

You collected 143 gold pieces.

Inventory:

Hand Weapons
 a - a +0 hand axe (weapon)
Missiles
 n - 2 throwing nets (quivered)
Armour
 b - a +0 animal skin (worn)
 f - a +0 pair of gloves (worn)
Jewellery
 h - a +4 ring of protection
 l - an amulet of guardian spirit
Scrolls
 d - 2 scrolls of identify {unknown}
 i - 2 scrolls of fear {unknown}
 m - a scroll of enchant armour {unknown}
 o - a scroll of enchant weapon {unknown}
Potions
 c - 2 potions of might {unknown}
 e - a potion of mutation {unknown}
 g - a potion of heal wounds {unknown}
 j - a potion of degeneration {unknown}
 k - a potion of lignification {unknown}
 p - a potion of invisibility {unknown}
 q - 2 potions of haste {unknown}


   Skills:
 + Level 4.9 Fighting
 * Level 5.9 Axes
 + Level 4.0 Armour
 + Level 3.6 Dodging


You had 5 spell levels left.
You didn't know any spells.
Your spell library was empty.

Dungeon Overview and Level Annotations

Branches:
Dungeon (4/15)
 Temple: D:4-7

Altars:
Hepliaklqana

Shops:
D:1 :   D:3 !


Innate Abilities, Weirdness & Mutations

You have a pair of horns on your head.
You reflexively headbutt those who attack you in melee.


Message History

You headbutt the adder. You hit the adder.
The adder is severely wounded.
The adder bites you. The adder barely misses you.
You miss the adder. You headbutt the adder.
The adder is almost dead.
The adder misses you.
You closely miss the adder. Your headbutt misses the adder.
The adder is almost dead.
The adder bites you.
You slash the adder!
You kill the adder!
Trog accepts your kill.
Your Armour skill increases to level 4!
No target in view!
An ogre comes into view. It is wielding a +0 giant club.
An ogre is nearby!
The ogre shouts!
You hit the ogre but do no damage.
You headbutt the ogre, but do no damage.
The ogre hits you with a +0 giant club!!
You slash the ogre! You headbutt the ogre.
The ogre is heavily wounded.
You hit the ogre.
The ogre is severely wounded.
The ogre completely misses you.
You hit the ogre.
The ogre is severely wounded.
The ogre closely misses you. You furiously retaliate!
You headbutt the ogre. You barely miss the ogre.
The ogre is almost dead.
You hit the ogre but do no damage.
The ogre is almost dead.
The ogre hits you with a +0 giant club!!
* * * LOW HITPOINT WARNING * * *
You hit the ogre.
The ogre is almost dead.
The ogre hits you with a +0 giant club!!
Ouch! That really hurt!
You die...

#.........#
#.........#
#.........#
#....(....#
#...†.....#
#.........#
#.........#####
#..............
#...@..<.......
#...O..........
##.?...........
##.(..........
#.............
#<#...........
#.#.##...#####
#.#.##.#.#


You could see an ogre.

Vanquished Creatures
  A phantom (D:3)
  An orc priest (D:3)
  Natasha (thrice) (D:2)
  3 adders
  A worm (D:2)
  3 dart slugs
  3 orcs (D:3)
  8 endoplasms
  A giant cockroach (D:3)
  5 goblins
  3 hobgoblins
  8 jackals
  4 kobolds
  A quokka (D:1)
  7 ball pythons
  2 bats
  A frilled lizard (D:3)
  6 rats
61 creatures vanquished.

Vanquished Creatures (others)
  2 demonic plants (D:2)
  8 fungi (D:2)
  7 plants (D:2)
  2 withered plants (D:2)
19 creatures vanquished.

Grand Total: 80 creatures vanquished

Notes
Turn   | Place    | Note
-------+----------+-------------------------------------------
     0 | D:1      | Nedwor the Minotaur Berserker began the quest for the Orb.
     0 | D:1      | Reached XP level 1. HP: 19/19 MP: 0/0
   180 | D:1      | Reached XP level 2. HP: 18/27 MP: 1/1
   334 | D:1      | Reached skill level 4 in Axes
   636 | D:1      | Found Girot's Book Emporium.
   877 | D:2      | Reached XP level 3. HP: 33/33 MP: 2/2
   985 | D:2      | Noticed Natasha
   992 | D:2      | Killed Natasha
   993 | D:2      | Reached XP level 4. HP: 26/40 MP: 3/3
  1186 | D:2      | Reached ** piety under Trog
  1272 | D:2      | Found a faded altar of an unknown god.
  1387 | D:2      | Noticed Natasha
  1398 | D:2      | Killed Natasha
  1413 | D:2      | Noticed Natasha
  1422 | D:2      | Killed Natasha
  1423 | D:2      | Reached skill level 5 in Axes
  1758 | D:3      | Found a hazy altar of Hepliaklqana.
  1792 | D:3      | Reached XP level 5. HP: 47/47 MP: 4/4
  2041 | D:3      | Noticed a phantom
  2056 | D:3      | Killed a phantom
  2291 | D:3      | Found Ylihasec's Distillery.
  2407 | D:3      | Reached XP level 6. HP: 48/55 MP: 5/5
  2561 | D:4      | Demolished by an ogre

Illustrated notes

Levels and vault maps discovered:
D:1:      lemuel_arrival_broad_hall, layout_basic, serial_shops,
          nicolae_shop_behind_doors, minivault_24, feat_on_display
D:2:      layout_rooms, shapermc_ecumenical_altar_gd, uniq_natasha
D:3:      layout_rooms, nzn_hepliaklqana_mist_gate, serial_shops,
          nicolae_shop_waterfront
D:4:      layout_rooms, uniq_edmund

Skill      XL: |  1  2  3  4  5  6 |
---------------+-------------------+-----
Axes           | 4 5 |  5.9
Fighting       | 4 |  4.9
Armour         | 3 4 |  4.0
Dodging        | 3 |  3.6

Action                   |  1- 3 |  4- 6 || total
-------------------------+-------+-------++-------
Melee: Hand axe          |    52 |    87 ||   139
       Headbutt          |    10 |     9 ||    19
       Punch             |     1 |       ||     1
Invok: Berserk           |     2 |     2 ||     4
 Stab: Sleeping          |     1 |     1 ||     2
Armor: Animal skin       |    11 |     9 ||    20
Dodge: Dodged            |    43 |    34 ||    77

Table legend: (Time is in decaauts)
 A = Elapsed time spent in this place.
 B = Non-inter-level travel time spent in this place.
 C = Inter-level travel time spent in this place.
 D = Time resting spent in this place.
 E = Time spent auto-exploring this place.
 F = Levels seen in this place.
 G = Mean time per level.
                   A        B        C        D        E       F      G
               +--------+--------+--------+--------+--------+-----+--------+
         Total |   2623 |   2589 |     34 |    677 |   1511 |   4 |  655.8 |
       Dungeon |   2623 |   2589 |     34 |    677 |   1511 |   4 |  655.8 |
               +--------+--------+--------+--------+--------+-----+--------+

Top non-repeatable levels by time:
     D:2: 1003 daAuts
     D:3: 802 daAuts
     D:1: 773 daAuts
     D:4: 43 daAuts
